 Dungeon Crawl Stone Soup version 0.20-a0-51-g027d3fc (webtiles) character file.

37 dvd the Scratcher (level 3, 0/15 HPs)
             Began as a Felid Transmuter on Nov 15, 2016.
             Slain by a jackal (3 damage)
             ... on level 1 of the Dungeon.
             The game lasted 00:04:16 (1280 turns).

dvd the Scratcher (Felid Transmuter)                Turns: 1280, Time: 00:04:17

Health: 0/15       AC:  1    Str:  7    XL:     3   Next: 21%
Magic:  1/7        EV: 18    Int: 14    God:
Gold:   50         SH:  0    Dex: 16    Spells: 3 memorised, 0 levels left
                                        Lives:  0   Deaths: 0

rFire  . . .     SeeInvis +       - Unarmed
rCold  . . .     Gourm    .     (armour unavailable)
rNeg   . . .     Faith    .     (shield unavailable)
rPois  .         Spirit   .     (helmet unavailable)
rElec  .         Reflect  .     (cloak unavailable)
rCorr  .         Harm     .     (gloves unavailable)
MR     .....                    (boots unavailable)
Stlth  ++........               (no amulet)
                                (no ring)
                                (no ring)

@: appendage (expiring), very slightly contaminated, quick
A: no armour, no weapons or thrown items, stealth, claws 1, fangs 3, horns 2,
see invisible, carnivore 3, speed 1, shaggy fur 1, slow metabolism 1, sharp paws
a: End Transformation


You were on level 1 of the Dungeon.
You were very full.
You had grown temporary horns.
You visited 1 branch of the dungeon, and saw 2 of its levels.

You collected 50 gold pieces.

Inventory:

Missiles
 a - 20 arrows
Scrolls
 d - 2 scrolls of identify {unknown}
Books
 b - a book of Changes

   Spells                             Type                      Level
   a - Beastly Appendage              Transmutation                1
   b - Sticks to Snakes               Transmutation                2
   c - Spider Form                    Transmutation/Poison         3
   d - Ice Form                       Ice/Transmutation            4
   e - Blade Hands                    Transmutation                5
Comestibles
 c - 2 meat rations
 f - 3 chunks of flesh


   Skills:
 + Level 1.0 Fighting
 + Level 3.2 Dodging
 + Level 1.3 Stealth
 + Level 3.4 Unarmed Combat
 + Level 2.3 Spellcasting
 + Level 2.4 Transmutations


You couldn't memorise any spells.
You knew the following spells:

 Your Spells              Type           Power        Failure   Level  Hunger
a - Beastly Appendage     Tmut           #.....       10%         1    #......
b - Sticks to Snakes      Tmut           #.......     14%         2    ###....
c - Spider Form           Tmut/Pois      #.........   47%         3    ###....


Dungeon Overview and Level Annotations

Branches:
Dungeon (2/15)

Altars:


Innate Abilities, Weirdness & Mutations

You cannot wear armour.
You are incapable of wielding weapons or throwing items.
Your paws allow you to move quietly. (Stealth)
You have sharp claws.
You have razor-sharp teeth.
You have supernaturally acute eyesight. (SInv)
You are carnivorous and can eat meat at any time.
You cover ground quickly.
You are covered in fur. (AC +1)
You have a slow metabolism.
Your sharp claws are effective at attacking unaware monsters.
You have a pair of horns on your head.


Message History

You see here a frilled lizard corpse.
You miss the jackal. The jackal closely misses you.
Casting: Beastly Appendage
Confirm with . or Enter, or press ? or * to list all spells.
You grow a pair of large bovine horns.
The jackal bites you.
You scratch the jackal but do no damage.
Your headbutt misses the jackal. The jackal completely misses you.
The jackal closely misses you.
You closely miss the jackal. The jackal completely misses you.
You barely miss the jackal. The jackal barely misses you.
You completely miss the jackal. The jackal bites you. x2
You closely miss the jackal. The jackal bites you.
* * * LOW HITPOINT WARNING * * *
You closely miss the jackal. Your headbutt misses the jackal.
The jackal completely misses you. The jackal barely misses you.
Your transformation is almost over.
You scratch the jackal but do no damage.
Your headbutt misses the jackal. The jackal bites you.
You die...

##### #...# ######
##########(#.####....##########
#......)>†..hh@..(....(.(......
#.....####...#..#....####......
###.....####...#..#.(..# #...#..
..................#....####......
....###.####...#..######.........
....##....##...#..# #....#.#..
....##....######.## #.........
....##....######.# #....#....
)...###..........# #.........


You could see 2 jackals.

Vanquished Creatures
  2 leopard geckos (D:1)
  4 bats
  2 giant cockroaches (D:1)
  4 goblins (D:1)
  4 hobgoblins (D:1)
  4 jackals (D:1)
  A ball python (D:1)
  4 frilled lizards (D:1)
  4 kobolds (D:1)
  A rat (D:1)
30 creatures vanquished.

Vanquished Creatures (collateral kills)
  A goblin (D:1)
1 creature vanquished.

Grand Total: 31 creatures vanquished

Notes
Turn   | Place    | Note
-------+----------+-------------------------------------------
     0 | D:1      | dvd the Felid Transmuter began the quest for the Orb.
     0 | D:1      | Reached XP level 1. HP: 9/9 MP: 4/4
   337 | D:1      | Reached XP level 2. HP: 12/12 MP: 4/6
   692 | D:1      | Learned a level 2 spell: Sticks to Snakes
   911 | D:1      | Reached XP level 3. HP: 13/15 MP: 3/7
   950 | D:1      | Learned a level 3 spell: Spider Form
   983 | D:1      | Reached skill level 1 in Stealth
  1280 | D:1      | Slain by a jackal

Vault maps used:
D:1:      dpeg_cavernosity
D:2:      okawaru_trees_1, uniq_crazy_yiuf_cottage, uniq_natasha, uniq_iyjb

Skill      XL: |  1  2  3 |
---------------+----------+-----
Dodging        | 3 |  3.2
Stealth        | 1 |  1.3
Fighting       | |  1.0
Unarmed Combat | |  3.4
Spellcasting   | |  2.3
Transmutations | |  2.4

Action                   || total
-------------------------++-------
Melee: Unarmed           ||   108
       Bite              ||    11
       Headbutt          ||     4
       Punch             ||     1
 Cast: Beastly Appendage ||    14
       Sticks to Snakes  ||     5
 Stab: Sleeping          ||     6
  Eat: Chunk             ||     8
Armor: Skin              ||    11
Dodge: Dodged            ||    99
